 Dungeon Crawl Stone Soup version 0.26-a0-86-gd5eb6995ac (webtiles) character file.

Game seed: 12553125294641957194

2214 MalarOregon the Skirmisher (level 9, -7/74 HPs)
             Began as a Black Draconian Conjurer on June 21, 2020.
             Mangled by a hornet (9 damage)
             ... on level 8 of the Dungeon.
             The game lasted 00:14:46 (8121 turns).

MalarOregon the Skirmisher (DrCj)                   Turns: 8121, Time: 00:14:47

Health: -7/74      AC: 12    Str: 13    XL:     9   Next: 13%
Magic:  6/16       EV: 15    Int: 16    God:
Gold:   352        SH:  0    Dex: 18    Spells: 11/18 levels left

rFire    . . .     SeeInvis .     - Unarmed
rCold    . . .     Gourm    .   (no shield)
rNeg     + . .     Faith    .   (armour unavailable)
rPois    .         Spirit   .   (helmet restricted)
rElec    +         Reflect  .   p - +0 cloak
rCorr    .         Harm     .   s - +2 pair of gloves
MR       .....                  r - +0 pair of boots (curse)
Stlth    ++........             k - amulet of magic regeneration
HPRegen  0.22/turn              i - +6 ring of dexterity
MPRegen  0.40/turn              l - ring of positive energy

@: lethally poisoned (-7 -> -40), very slightly contaminated, slowed, invisible,
very slow
A: breathe lightning, unfitting armour, electricity resistance, cold-blooded, AC
+7
a: Breathe Lightning


You were on level 8 of the Dungeon.
You were hungry.

You visited 1 branch of the dungeon, and saw 8 of its levels.

You collected 450 gold pieces.
You spent 98 gold pieces at shops.

Inventory:

Armour
 o - a +0 tower shield
   (You bought it in a shop on level 4 of the Dungeon)
 p - a +0 cloak (worn)
   (You bought it in a shop on level 4 of the Dungeon)
 r - a cursed +0 pair of boots (worn)
   (You found it on level 6 of the Dungeon)
 s - a +2 pair of gloves (worn)
   (You found it on level 1 of the Dungeon)
Jewellery
 i - a +6 ring of dexterity (left hand)
   (You found it on level 2 of the Dungeon)
 k - an amulet of magic regeneration (around neck)
   (You found it on level 5 of the Dungeon)
 l - a ring of positive energy (right hand)
   (You found it on level 4 of the Dungeon)
Wands
 d - a wand of iceblast (11)
   (You took it off Pikel on level 7 of the Dungeon)
 t - a wand of flame (33)
   (You found it on level 4 of the Dungeon)
Scrolls
 a - 5 scrolls of remove curse {@r2}
 b - a scroll of identify {@r1}
 f - a scroll of enchant armour
 g - a scroll of teleportation {@r4}
 m - a scroll of magic mapping
 n - a scroll of fear
 u - a scroll of fog
 v - a scroll of blinking {unknown}
Potions
 c - a potion of might
 q - a potion of magic
Comestibles
 e - 7 rations {!d}


   Skills:
 * Level 5.5 Fighting
 * Level 5.0 Dodging
 - Level 1.7 Stealth
 + Level 2.9 Shields
 * Level 5.0 Unarmed Combat
 * Level 5.1 Spellcasting
 + Level 5.3 Conjurations
 + Level 2.2 Hexes
 + Level 2.2 Evocations


You had 11 spell levels left.
You knew the following spells:

 Your Spells              Type           Power        Failure   Level  Hunger
a - Magic Dart            Conj           ###.         1%          1    None
s - Searing Ray           Conj           ###...       2%          2    #......
z - Fulminant Prism       Conj/Hex       ###.......   32%         4    ####...

Your spell library contained the following spells:

 Spells                   Type           Power        Failure   Level  Hunger
 Dazzling Flash           Conj/Hex       ###...       10%         3    ###....
 Iskenderun's Mystic Bla  Conj/Tloc      ##......     45%         4    ####...


Dungeon Overview and Level Annotations

Branches:
Dungeon (8/15)             Temple (0/1) D:5
   Lair: D:8-11

Altars:
Sif Muna
Trog
Vehumet

Shops:
D:4 [


Innate Abilities, Weirdness & Mutations

You can breathe wild blasts of lightning.
Your glossy black scales are hard. (AC +7)
You cannot fit into any form of body armour.
You are resistant to electric shocks. (rElec)
You are cold-blooded and may be slowed by cold attacks.


Message History

The hornet stings you but does no damage.
You can move again.
Unknown command.
Unknown command.
Unknown command.
You conjure a prism of explosive energy!
A fulminant prism comes into view.
* * * LOW HITPOINT WARNING * * *
You feel very sick. The hornet stings you.
* * * LOW HITPOINT WARNING * * *
You feel as though you will be slow longer.
The hornet closely misses you.
Unknown command.
Okay, then.
Okay, then.
Unknown command.
You fade into invisibility!
* * * LOW HITPOINT WARNING * * *
You feel very sick. The hornet stings you.
* * * LOW HITPOINT WARNING * * *
You shrug off the repeated paralysis!
The hornet misses you.
Your fulminant prism crackles loudly.
The hornet barely misses you.
You are very lightly contaminated with residual magic.
Unknown command.
You feel much better.
You feel very sick. The hornet closely misses you. The hornet misses you.
You miscast Fulminant Prism.
You hear an indistinct dissonance whispering inside your mind.
Your magical effects are unravelling.
You feel as though you will be slow longer.
You are feeling hungry.
You flicker back into view.
You feel sick. The hornet stings you.
* * * LOW HITPOINT WARNING * * *
You are lethally poisoned!
You feel as though you will be slow longer.
The hornet stings you!
* * * LOW HITPOINT WARNING * * *
You are more poisoned.
You feel as though you will be slow longer.
Unknown command.
You fade into invisibility!
* * * LOW HITPOINT WARNING * * *
You feel very sick. The hornet misses you. The hornet stings you!
You die...

###
#<#
#.#
#.#
#@#
#y#
..#
..(#
....#
#....#
#....#
#.>..#


You could see a hornet.

Vanquished Creatures
  Pikel (D:7)
  Prince Ribbit (D:6)
  Eustachio (D:5)
  Menkaure (D:7)
  A water moccasin (D:6)
  2 phantoms (D:7)
  3 slaves (D:7)
  4 ogres
  A bullfrog (D:6)
  A scorpion (D:4)
  A howler monkey (D:4)
  2 crimson imps (D:6)
  A hound (D:4)
  A centaur zombie (D:6)
  2 orc wizards
  An iguana (D:6)
  5 worker ants
  A hound zombie (D:6)
  5 gnolls
  A howler monkey skeleton (D:4)
  2 adders
  3 river rats (D:6)
  An adder skeleton (D:5)
  2 worms
  6 leopard geckos
  6 orcs
  5 bats
  7 giant cockroaches
  11 goblins
  14 hobgoblins
  3 jackals (D:2)
  7 kobolds
  3 quokkas
  3 ball pythons
  5 frilled lizards
  A giant cockroach zombie (D:6)
  A leopard gecko skeleton (D:5)
  11 rats
127 creatures vanquished.

Vanquished Creatures (others)
  A leopard gecko (D:7)
  2 orcs (D:7)
  A fulminant prism (D:8)
  A plant (D:6)
5 creatures vanquished.

Grand Total: 132 creatures vanquished

Notes
Turn   | Place    | Note
-------+----------+-------------------------------------------
     0 | D:1      | MalarOregon the Draconian Conjurer began the quest for the
                  | Orb.
     0 | D:1      | Reached XP level 1. HP: 14/14 MP: 3/3
   188 | D:1      | Reached XP level 2. HP: 16/22 MP: 3/5
   209 | D:1      | Learned a level 2 spell: Searing Ray
   535 | D:1      | Reached skill level 1 in Fighting
   637 | D:1      | Reached skill level 1 in Unarmed Combat
  1091 | D:1      | Reached XP level 3. HP: 28/28 MP: 4/6
  1626 | D:2      | Reached XP level 4. HP: 20/36 MP: 0/7
  3337 | D:3      | Learned a level 4 spell: Fulminant Prism
  3744 | D:4      | Reached XP level 5. HP: 41/41 MP: 5/9
  3845 | D:4      | Noticed an ogre
  4218 | D:4      | Found Harghin's Armour Shop.
  4223 | D:4      | Bought a +0 tower shield for 49 gold pieces
  4223 | D:4      | Bought a +0 cloak for 49 gold pieces
  4515 | D:5      | Entered Level 5 of the Dungeon
  4610 | D:5      | Reached XP level 6. HP: 44/50 MP: 4/10
  4850 | D:4      | Reached skill level 1 in Shields
  5036 | D:5      | Found a staircase to the Ecumenical Temple.
  5114 | D:4      | Your scales start taking on a glossy black colour.
  5114 | D:4      | Reached XP level 7. HP: 12/57 MP: 5/12
  5114 | D:4      | Gained mutation: You are resistant to electric shocks.
                  | (rElec) [Black Draconian growth]
  5747 | D:5      | Noticed Eustachio
  5766 | D:5      | Killed Eustachio
  5927 | D:6      | Noticed Prince Ribbit
  5936 | D:6      | Killed Prince Ribbit
  5936 | D:6      | Reached skill level 1 in Evocations
  5990 | D:6      | Reached skill level 1 in Hexes
  5990 | D:6      | Reached XP level 8. HP: 67/67 MP: 7/14
  6159 | D:6      | Reached skill level 5 in Conjurations
  6397 | D:6      | Found a radiant altar of Vehumet.
  6400 | D:6      | Found a shimmering blue altar of Sif Muna.
  6512 | D:6      | Found a bloodstained altar of Trog.
  7400 | D:7      | Noticed Pikel
  7475 | D:7      | Killed Pikel
  7475 | D:7      | Reached skill level 5 in Fighting
  7519 | D:7      | Reached XP level 9. HP: 65/74 MP: 10/16
  7727 | D:7      | Noticed Menkaure
  7734 | D:7      | Killed Menkaure
  7734 | D:7      | Reached skill level 5 in Dodging
  7734 | D:7      | Reached skill level 5 in Spellcasting
  7777 | D:7      | Reached skill level 5 in Unarmed Combat
  8114 | D:8      | Paralysed by a hornet for 3 turns
  8121 | D:8      | HP: 2/74 [poisoned by a hornet]
  8121 | D:8      | Mangled by a hornet

Illustrated notes

Levels and vault maps discovered:
D:1:      psy_arrival_radial02, layout_basic, nrook_mini_vaults,
          minmay_shallow_snake_nest
D:2:      layout_loops_ring
D:3:      layout_basic, first_ration, minmay_misc_feat_columns
D:4:      layout_rooms, serial_shops, kennysheep_little_box
D:5:      layout_rooms, lemuel_temple_firewalk_b, chequers_jeans, uniq_eustachio
D:6:      wad_woods_settlement, layout_rooms, vehumet_crystals, basic_altar,
          trog_three_pillars_becter, uniq_prince_ribbit1
D:7:      layout_basic, uniq_menkaure, uniq_pikel
D:8:      layout_basic, david_lair_generic, special_room [special_room_orc]

Skill      XL: |  1  2  3  4  5  6  7  8  9 |
---------------+----------------------------+-----
Dodging        | 2 3 4 5 |  5.0
Fighting       | 1 2 3 4 5 |  5.5
Unarmed Combat | 1 2 3 4 5 |  5.0
Spellcasting   | 3 4 5 |  5.1
Shields        | 1 2 |  2.9
Evocations     | 1 2 |  2.2
Hexes          | 1 2 |  2.2
Conjurations   | 5 |  5.3
Stealth        | |  1.7

Action                   |  1- 3 |  4- 6 |  7- 9 || total
-------------------------+-------+-------+-------++-------
Melee: Unarmed           |    88 |   108 |   232 ||   428
       Tailslap          |     9 |    16 |    37 ||    62
       Punch             |       |       |     8 ||     8
 Cast: Magic Dart        |    66 |    72 |    82 ||   220
       Searing Ray       |     1 |     6 |    19 ||    26
       Fulminant Prism   |       |       |     1 ||     1
 Abil: Breathe Lightning |       |       |     2 ||     2
  Use: Potion            |     1 |       |     5 ||     6
       Scroll            |       |    17 |     1 ||    18
 Stab: Sleeping          |       |     1 |       ||     1
  Eat: Chunk             |     3 |    12 |     7 ||    22
       Ration            |       |       |     1 ||     1
Armor: Skin              |    20 |    43 |    71 ||   134
Dodge: Dodged            |    47 |    72 |   203 ||   322

Table legend:
 A = Non-vault XP
 B = Vault XP
 C = Vault XP percentage of total XP
 D = Non-vault monster count
 E = Vault monster count
 F = Vault count percentage of total count
                 A         B        C        D         E       F
            +---------+---------+-------+---------+---------+-------
      Total |    1709 |    1454 |  46.0 |     112 |      12 |   9.7
            +---------+---------+-------+---------+---------+-------
        D:1 |      44 |       3 |   6.4 |      27 |       2 |   6.9
        D:2 |     104 |       0 |   0.0 |      33 |       0 |   0.0
        D:3 |      20 |       0 |   0.0 |      10 |       0 |   0.0
        D:4 |     581 |       0 |   0.0 |      11 |       0 |   0.0
        D:5 |     126 |     191 |  60.3 |      11 |       1 |   8.3
        D:6 |     519 |     448 |  46.3 |      15 |       7 |  31.8
        D:7 |     315 |     812 |  72.0 |       5 |       2 |  28.6
            +---------+---------+-------+---------+---------+-------
